 Dungeon Crawl Stone Soup version 0.28.0 (webtiles) character file.

Game seed: 1282564635981197528

11 jjjjhere the Caller (level 2, 0/24 HPs)
             Began as an Ogre Summoner on Feb 4, 2022.
             Succumbed to a kobold's poison
             ... on level 1 of the Dungeon.
             The game lasted 00:01:19 (502 turns).

jjjjhere the Caller (Ogre Summoner)                  Turns: 502, Time: 00:01:19

Health: 0/24       AC:  3    Str: 11    XL:     2   Next: 25%
Magic:  2/5        EV:  9    Int: 16    God:
Gold:   19         SH:  0    Dex:  9    Spells: 3/6 levels left

rFire   . . .      SeeInvis .   b - +0 dagger
rCold   . . .      Faith    .   (no shield)
rNeg    . . .      Spirit   .   a - +0 robe
rPois   .          Reflect  .   (helmet restricted)
rElec   .          Harm     .   (no cloak)
rCorr   .          Rampage  .   (gloves unavailable)
Will    .....                   (boots unavailable)
Stlth   +.........              (no amulet)
HPRegen 0.08/turn               (no ring)
MPRegen 0.09/turn               (no ring)

@: lethally poisoned (0 -> -12)
A: large, unfitting armour, tough skin 1
a: no special abilities


You were on level 1 of the Dungeon.
You visited 1 branch of the dungeon, and saw 1 of its levels.

You collected 19 gold pieces.

Inventory:

Hand Weapons
 b - a +0 dagger (weapon)
Missiles
 c - 4 stones
Armour
 a - a +0 robe (worn)


   Skills:
 - Level 1.7 Dodging
 - Level 1.4 Stealth
 + Level 2.9 Spellcasting
 + Level 3.8 Summonings


You had 3 spell levels left.
You knew the following spells:

 Your Spells              Type           Power      Damage    Failure   Level
a - Summon Small Mammal   Summ           56%        N/A       3%          1
b - Call Imp              Summ           14%        N/A       6%          2

Your spell library contained the following spells:

 Spells                   Type           Power      Damage    Failure   Level
 Call Canine Familiar     Summ           14%        N/A       12%         3
 Summon Guardian Golem    Hex/Summ       8%         N/A       26%         3
 Summon Lightning Spire   Summ/Air       8%         N/A       63%         4


Dungeon Overview and Level Annotations

Branches:
Dungeon (1/15)

Altars:


Innate Abilities, Weirdness & Mutations

You are too large for most types of armour.
You have tough skin. (AC +1)


Message History

You feel very sick.
Your rat bites the kobold.
Your crimson imp closely misses the kobold.
The kobold hits your rat with a +2 dagger of venom.
Your rat dies!
Your rat's corpse disappears in a puff of smoke!
The hobgoblin hits you.
* * * LOW HITPOINT WARNING * * *
Your rat closely misses the kobold.
The kobold shouts!
It was a potion of heal wounds.
You feel much better.
You feel very sick.
Your crimson imp barely misses the kobold.
The kobold hits you but does no damage.
You are more poisoned.
The hobgoblin hits you but does no damage.
Your rat bites the kobold but does no damage.
Found a stone staircase leading down.
You feel very sick.
Your crimson imp hits the kobold.
The hobgoblin closely misses you.
Your rat closely misses the hobgoblin.
You feel very sick.
Your rat bites the hobgoblin.
You closely miss the kobold.
The kobold is severely wounded.
You feel sick. The hobgoblin misses your rat.
The kobold hits you with a +2 dagger of venom.
You are more poisoned.
Your rat closely misses the hobgoblin.
You hit the kobold.
You kill the kobold!
* * * LOW HITPOINT WARNING * * *
You feel very sick.
Your crimson imp hits the hobgoblin.
The hobgoblin dies!
* * * LOW HITPOINT WARNING * * *
You feel very sick.
Your crimson imp disappears in a puff of smoke!
You swap places.
You die...

##.####.##.#.##.####.##
##.###.###.###.###.##
##.##.##.#.##.##.##
##.#.#.###.#.#.##
##...#####...##
##.........##
##+#######'#
#.......#..#
##.r@)§....##
#...........###
#...........#
#.........†.#
#...........#
#.>..........#
#..###.....$.# #..
#........# #..#......


You could see a friendly rat (summoned).

Vanquished Creatures
  A dart slug (D:1)
  An endoplasm (D:1)
  2 kobolds (D:1)
4 creatures vanquished.

Vanquished Creatures (collateral kills)
  An endoplasm (D:1)
  2 hobgoblins (D:1)
  A bat (D:1)
4 creatures vanquished.

Grand Total: 8 creatures vanquished

Notes
Turn   | Place    | Note
-------+----------+-------------------------------------------
     0 | D:1      | jjjjhere the Ogre Summoner began the quest for the Orb.
     0 | D:1      | Reached XP level 1. HP: 16/16 MP: 3/3
   405 | D:1      | Reached XP level 2. HP: 18/24 MP: 3/5
   425 | D:1      | Learned a level 2 spell: Call Imp
   495 | D:1      | HP: 5/24 [poisoned by a kobold]
   500 | D:1      | HP: 6/24 [poisoned by a kobold]
   501 | D:1      | HP: 2/24 [poisoned by a kobold]
   502 | D:1      | Succumbed to a kobold's poison

Illustrated notes

Levels and vault maps discovered:
D:1:      roderic_octagonal_star, layout_basic, hex_medium,
          minmay_tiny_reverse_x

Action                   || total
-------------------------++-------
Melee: Unarmed           ||    11
       Dagger            ||    11
 Cast: Summon Small Mamm ||    11
       Call Imp          ||     1
  Use: Potion            ||     1
Armor: Robe              ||    16
Dodge: Dodged            ||    15
